AoeStats
← Big Stysiu

Arena

509390487Analyzed
1v1 RM · 6d ago on Sep 26, 2026· 35m 5s· 2 players
Game mode
Random Map
Map size
Tiny (2 player)
Population
200
Speed
Normal
Resources
Standard
Victory
Conquest
Starting age
Dark Age
Ending age
Imperial Age
RankedLock teamsTeams togetherTeam positionsShared explorationLock speedFull tech treeHidden civsTurbo modeCheats
Victory
Defeat
🇨🇳 Japanese · China
1032
+16
🇵🇱 Turks · Poland
1042
-16
F35iscoming
10:24 Feudal Age
11:11 Double-Bit Axe
14:08 Castle Age
11:56 Horse Collar
15:13 Bow Saw
15:06 Heavy Plow
18:31 Wheelbarrow
21:26 Loom
22:26 Hand Cart
22:22 Gold Mining
23:13 Fletching
24:27 Bloodlines
24:19 Bodkin Arrow
24:47 Padded Archer Armor
25:12 Thumb Ring
25:01 Loom
25:50 Ballistics
25:58 Husbandry
25:57 Light Cavalry
27:31 Gold Shaft Mining
26:46 Stone Mining
27:41 Leather Archer Armor
32:48 Imperial Age
31:32 Devotion
31:28 Herbal Medicine
31:52 Masonry
31:23 Treadmill Crane
32:12 Scale Barding Armor
32:17 Forging
32:59 Town Watch
32:47 Pikeman
33:28 Squires
34:33 Two-Man Saw
34:07 Bracer
35:06 Parthian Tactics
Big Stysiu
11:30 Feudal Age
13:11 Loom
16:11 Castle Age
23:29 Imperial Age
22:50 Double-Bit Axe
23:18 Horse Collar
24:47 Bow Saw
26:02 Town Watch
31:13 Fletching
Connection lost

Rejoining the realm…

Still unreachable

The connection could not be restored.

Session expired

The server has moved on; the page needs a fresh start.